 Dungeon Crawl Stone Soup version 0.30.1-9-gdf580d7c3d (webtiles) character file.

Game seed: 2964890502790488947

25308 monsoonserge the Earth Mage (level 13, -7/68 HPs)
             Began as a Gargoyle Earth Elementalist on Oct 2, 2023.
             Was a Priest of Vehumet.
             Mangled by a wolf simulacrum (10 damage)
             ... in an ice cave.
             The game lasted 01:07:08 (14459 turns).

monsoonserge the Earth Mage (GrEE)                 Turns: 14459, Time: 01:07:09

Health: -7/68      AC: 25    Str: 12    XL:     13   Next: 18%
Magic:  26/30      EV: 10    Int: 24    God:    Vehumet [***...]
Gold:   2030       SH:  0    Dex: 10    Spells: 21/38 levels left

rFire   + + .        b - +8 mace of Giavvola {heavy, rF++}
rCold   . . .        (no shield)
rNeg    + + .        G - +6 scale mail of Bitterness {rElec Int+3}
rPois   ∞            (no helmet)
rElec   +            D - +0 cloak {rPois}
rCorr   .            (no gloves)
SInv    .            (no boots)
Will    +....        M - amulet of magic regeneration
Stlth   +            t - ring of positive energy
HPRegen 0.31/turn    R - ring of willpower
MPRegen 0.62/turn

%: no passive effects
@: no status effects
A: sickness immunity, AC +9, negative energy resistance 1, electricity
resistance, torment resistance 1, petrification resistance
a: Renounce Religion


You were in an ice cave.
You worshipped Vehumet.
Vehumet was most pleased with you.
You visited 3 branches of the dungeon, and saw 14 of its levels.
You also visited: Sewer and Ice Cave.

You collected 2070 gold pieces.
You spent 40 gold pieces at shops.

Inventory:

Hand Weapons
 b - the +8 mace of Giavvola (weapon) {heavy, rF++}
   (You found it on level 12 of the Dungeon)

   rF:        It greatly protects you from fire.
Missiles
 f - 3 curare-tipped darts
 j - 16 boomerangs
 p - 33 poisoned darts (quivered)
 I - 7 throwing nets
Armour
 z - +0 acid dragon scales
 D - a +0 cloak of poison resistance (worn)
 G - the +6 scale mail of Bitterness (worn) {rElec Int+3}
   (You took it off an orc on level 3 of the Dungeon)

   Int:       It affects your intelligence (+3).
   rElec:     It insulates you from electricity.
Magical Staves
 a - the staff of earth "Ivvoim" {rN++}
   (You acquired it on level 3 of the Dungeon)

   [staff of earth]

   Base accuracy: +5 Base damage: 5 Base attack delay: 1.2 This weapon's minimum
   attack delay (0.6) is reached at skill level 12.
   rN:        It greatly protects you from negative energy.
   It falls into the 'Staves' category.
   It is a one-handed weapon.
 h - a staff of conjuration
Jewellery
 t - a ring of positive energy (left hand)
 E - an amulet of the acrobat
 H - an amulet of reflection
 M - an amulet of magic regeneration (around neck)
 R - a ring of willpower (right hand)
Wands
 u - a wand of flame (12)
 K - a wand of iceblast (7)
 L - a wand of paralysis (4)
 N - a wand of mindburst (4)
Scrolls
 c - 3 scrolls of immolation
 d - 3 scrolls of teleportation {unknown}
 i - 2 scrolls of enchant weapon {unknown}
 l - 3 scrolls of poison
 m - 2 scrolls of vulnerability {unknown}
 o - 2 scrolls of enchant armour {unknown}
 q - 3 scrolls of fog
 v - 2 scrolls of amnesia {unknown}
 y - 2 scrolls of noise {unknown}
 O - a scroll of fear {unknown}
 P - a scroll of summoning {unknown}
 S - a scroll of brand weapon {unknown}
Potions
 e - 3 potions of flight
 g - a potion of invisibility
 k - 4 potions of curing
 n - 2 potions of attraction
 r - a potion of lignification
 s - 2 potions of cancellation
 w - a potion of resistance
 x - 7 potions of haste {unknown}
 A - a potion of heal wounds
 B - 3 potions of mutation
 C - 3 potions of brilliance {unknown}
 F - 5 potions of berserk rage
 J - 3 potions of might
 Q - a potion of ambrosia {unknown}
 T - 3 potions of magic


   Skills:
 + Level 3.1 Fighting
 + Level 1.4 Staves
 + Level 0.1 Throwing
 + Level 8.7 Armour
 + Level 3.4 Dodging
 + Level 3.0 Stealth
 - Level 13.0 Spellcasting
 + Level 7.7 Conjurations
 - Level 2.0 Hexes
 - Level 2.0 Transmutations
 + Level 16.5 Earth Magic
 + Level 4.4 Evocations


You had 21 spell levels left.
You knew the following spells:

 Your Spells              Type           Power      Damage    Failure   Level
a - Sandblast             Erth           100%       2d20      0%          1
b - Stone Arrow           Conj/Erth      100%       3d13      1%          3
c - Lee's Rapid Deconstr  Erth           38%        3d19*     1%          5
d - Petrify               Tmut/Erth      57%        N/A       3%          4
e - Leda's Liquefaction   Hex/Erth       28%        N/A       3%          4

Your spell library contained the following spells:

 Spells                   Type           Power      Damage    Failure   Level
 Sticky Flame             Conj/Fire      34%        2d5       9%          4
 Passwall                 Tmut/Erth      47%        N/A       1%          2
 Fulminant Prism          Conj/Hex       19%        3d10      5%          4
 Slow                     Hex            100%       N/A       7%          1
 Iskenderun's Mystic Bla  Conj/Tloc      34%        2d8       9%          4
 Volatile Blastmotes      Fire/Tloc      30%        2d12      12%         3
 Necrotise                Necr           60%        1d7       16%         1
 Ensorcelled Hibernation  Hex/Ice        40%        N/A       16%         2
 Confusing Touch          Hex            25%        N/A       21%         3
 Swiftness                Air            15%        N/A       41%         3
 Vampiric Draining        Necr           15%        2d7       41%         3
 Agony                    Necr           15%        N/A       99%         5
 Statue Form              Tmut/Erth      Unusable   N/A       N/A         6

Dungeon Overview and Level Annotations

Branches:
Dungeon (12/15)            Temple (1/1) D:4            Lair (1/5) D:8
    Orc (0/2) D:9           Sewer (visited)           IceCv (1/1)

Altars:
Ashenzari
Cheibriados
Dithmenos
Elyvilon
Fedhas
Gozag
Hepliaklqana
Kikubaaqudgha
Makhleb
Nemelex Xobeh
Okawaru
Qazlal
Ru
Sif Muna
Trog
Uskayaw
Vehumet
Wu Jian
Xom
Yredelemnul
Zin
The Shining One

Shops:
D:12 *


Innate Abilities, Weirdness & Mutations

You are immune to sickness and miasma.
Your stone body is resilient. (AC +9)
You are immune to poison.
You resist negative energy. (rN+)
You are resistant to electric shocks. (rElec)
You are resistant to unholy torment.
You are immune to petrification.


Message History

Confirm with . or Enter, or press ? or * to list all spells.
Aiming: Lee's Rapid Deconstruction (safe; 1% risk of failure)
Press: ? - help, Dir - move target, p - three-headed hydra simulacrum You cannot affect that.
Okay, then.
You closely miss the white ugly thing.
The white ugly thing is heavily wounded.
The wolf simulacrum bites you but does no damage.
The white ugly thing gores you but does no damage.
The wolf simulacrum bites you but does no damage.
The three-headed hydra simulacrum bites you but does no damage. x3
The white ugly thing gores you but does no damage.
The wolf simulacrum barely misses you.
The three-headed hydra simulacrum bites you but does no damage.
The three-headed hydra simulacrum closely misses you.
The three-headed hydra simulacrum bites you.
The three-headed hydra simulacrum freezes you!!!
Ouch! That really hurt!
* * * LOW HITPOINT WARNING * * *
Casting: Lee's Rapid Deconstruction (safe; 1% risk of failure)
Confirm with . or Enter, or press ? or * to list all spells.
Okay, then.
Casting: Lee's Rapid Deconstruction (safe; 1% risk of failure)
Confirm with . or Enter, or press ? or * to list all spells.
Aiming: Lee's Rapid Deconstruction (safe; 1% risk of failure)
Press: ? - help, Dir - move target, f - elephant simulacrum, p - three-headed hydra simulacrum Fragment what (e.g. wall or brittle monster)?: an elephant simulacrum The elephant simulacrum shatters!!
The elephant simulacrum vaporises!
Vehumet accepts your kill.
You feel your power returning.
The icy blast hits the wolf simulacrum!
The wolf simulacrum partially resists.
The wolf simulacrum is almost destroyed.
The icy blast hits the white ugly thing!
The white ugly thing partially resists.
The white ugly thing is severely wounded.
The wolf simulacrum bites you.
* * * LOW HITPOINT WARNING * * *
The wolf simulacrum freezes you!
You die...

#######
##..Z@.##
#...Zu..#
#.....☼...#
#...........#
#....Z......#
#...........#
#......(......#
#....8.(.8....#
#......(......#


You could see a white ugly thing (poisoned), a wolf simulacrum, a three-headed
hydra simulacrum and an elephant simulacrum.

Vanquished Creatures
  Azrael (D:12)
  Harold (Lair:1)
  Erolcha (D:9)
  Erica (D:8)
  4 two-headed ogres
  4 death yaks
  Pikel (D:5)
  A manticore (D:8)
  2 cyclopes
  2 cane toads
  2 kobold demonologists
  5 trolls
  Sigmund (D:6)
  3 shadows
  3 wraiths
  23 yaks
  2 wyverns (D:9)
  A fire elemental (D:12)
  2 steam dragons
  2 vampire mosquitoes (D:10)
  4 acid dragons
  4 water moccasins
  3 hell hounds (D:12)
  14 orc warriors
  3 ice beasts (D:6)
  2 sky beasts
  2 black bears (D:8)
  3 ogres
  11 centaurs
  4 wolves (Lair:1)
  2 phantoms
  5 kobold brigands (Sewer)
  Blork the orc (D:5)
  8 bullfrogs
  2 gnoll sergeants (D:9)
  A cane toad simulacrum (D:12)
  5 scorpions
  2 two-headed ogre simulacra (D:12)
  15 wights
  3 killer bees (D:8)
  3 elephant simulacra
  4 electric eels
  4 howler monkeys (D:9)
  4 hounds
  2 gnoll boudas (D:9)
  A jelly (D:5)
  10 orc priests
  Crazy Yiuf (D:2)
  4 sleepcaps
  25 orc wizards
  3 iguanas
  A troll simulacrum (D:12)
  2 wolf simulacra
  A mummy (D:4)
  A naga simulacrum (D:12)
  12 gnolls
  6 adders
  2 shadow imps
  2 white imps
  An ufetubus (D:5)
  A dart slug (D:1)
  62 orcs
  8 ball pythons
  2 endoplasms
  8 giant cockroaches
  6 goblins
  4 hobgoblins
  3 jackals (D:1)
  4 quokkas (D:5)
  6 bats
  3 frilled lizards
  16 kobolds
  10 rats
  A spectral orc (D:11)
379 creatures vanquished.

Vanquished Creatures (others)
  An orc wizard (D:9)
  An orc (D:9)
2 creatures vanquished.

Grand Total: 381 creatures vanquished

Notes
Turn   | Place    | Note
-------+----------+-------------------------------------------
     0 | D:1      | monsoonserge the Gargoyle Earth Elementalist began the
                  | quest for the Orb.
     0 | D:1      | Reached XP level 1. HP: 10/10 MP: 3/3
   143 | D:1      | You fall into a shaft and drop 1 floor!
   392 | D:1      | Reached XP level 2. HP: 15/15 MP: 3/5
   878 | D:1      | Reached skill level 4 in Earth Magic
  1651 | D:2      | Found a runed translucent door.
  1652 | D:2      | Noticed Crazy Yiuf
  1789 | D:3      | Reached XP level 3. HP: 12/19 MP: 3/6
  1801 | D:2      | Reached XP level 4. HP: 7/24 MP: 0/8
  1810 | D:2      | Learned a level 3 spell: Stone Arrow
  2487 | D:2      | Killed Crazy Yiuf
  2488 | D:2      | Reached skill level 1 in Conjurations
  2488 | D:2      | Reached skill level 5 in Earth Magic
  2604 | D:4      | Found a staircase to the Ecumenical Temple.
  2618 | Temple   | Entered the Ecumenical Temple
  2893 | D:4      | Reached XP level 5. HP: 15/28 MP: 4/9
  2900 | D:4      | Reached skill level 1 in Fighting
  3056 | D:4      | Found a sacrificial altar of Ru.
  3193 | D:4      | Found a snail-covered altar of Cheibriados.
  3348 | D:4      | Noticed a lemure
  3348 | D:4      | Noticed Pikel
  3348 | D:4      | Noticed a lemure
  3351 | D:4      | Noticed a lemure
  3519 | D:4      | Reached skill level 1 in Armour
  3519 | D:4      | Reached skill level 6 in Earth Magic
  3519 | D:4      | Reached XP level 6. HP: 29/34 MP: 6/10
  3554 | D:4      | Identified the +6 scale mail of Bitterness {rElec Int+3}
  3701 | D:4      | Found a bloodstained altar of Trog.
  3739 | D:5      | Entered Level 5 of the Dungeon
  3748 | D:5      | HP: 1/34 [Pikel/+2 whip of electrocution (8)]
  3759 | D:5      | Killed Pikel
  3760 | D:5      | Reached skill level 7 in Earth Magic
  3760 | D:5      | Reached XP level 7. HP: 30/39 MP: 1/13
  3812 | D:5      | Reached XP level 8. HP: 39/44 MP: 3/14
  3898 | D:5      | Reached skill level 8 in Earth Magic
  4004 | D:5      | Identified 2 scrolls of acquirement
  4024 | D:3      | Acquired 1102 gold pieces
  4026 | D:3      | Acquired the staff of earth "Ivvoim" {rN++}
  4140 | D:4      | Reached skill level 9 in Earth Magic
  4223 | D:5      | Found a glowing drain.
  4247 | Sewer    | Entered a sewer
  4437 | Sewer    | Reached skill level 1 in Evocations
  4586 | Sewer    | Learned a level 5 spell: Lee's Rapid Deconstruction
  4666 | D:4      | Reached skill level 10 in Earth Magic
  4960 | D:5      | Noticed Blork the orc
  4965 | D:5      | Killed Blork the orc
  4966 | D:5      | Reached XP level 9. HP: 48/48 MP: 11/15
  4974 | D:5      | Found a shimmering blue altar of Sif Muna.
  5418 | D:6      | Noticed a kobold demonologist
  5429 | D:6      | Noticed a rust devil
  5658 | D:6      | Noticed Sigmund
  5924 | D:6      | Reached skill level 5 in Spellcasting
  5924 | D:6      | Reached skill level 11 in Earth Magic
  5989 | D:6      | Killed Sigmund
  5990 | D:6      | Reached skill level 5 in Armour
  6032 | D:6      | Reached skill level 5 in Conjurations
  6183 | D:6      | Killed a kobold demonologist
  6184 | D:6      | Reached skill level 12 in Earth Magic
  6184 | D:6      | Reached XP level 10. HP: 53/53 MP: 3/17
  7329 | D:8      | Noticed a manticore
  7334 | D:8      | Reached skill level 1 in Transmutations
  7338 | D:8      | Killed a manticore
  7556 | D:8      | Reached skill level 13 in Earth Magic
  7671 | D:8      | Learned a level 4 spell: Petrify
  8336 | D:8      | Found a staircase to the Lair.
  8600 | D:9      | Noticed a two-headed ogre
  8958 | D:9      | Noticed a two-headed ogre
  8961 | D:9      | Reached XP level 11. HP: 57/57 MP: 9/23
  9079 | D:9      | Killed a two-headed ogre
  9173 | D:9      | Found a shimmering altar of Xom.
  9185 | D:9      | Found an ancient bone altar of Kikubaaqudgha.
  9191 | D:9      | Found a broken altar of Ashenzari.
  9192 | D:9      | Found a stormy altar of Qazlal.
  9192 | D:9      | Found a radiant altar of Vehumet.
  9204 | D:9      | Became a worshipper of Vehumet
  9227 | D:9      | Reached skill level 10 in Spellcasting
  9432 | D:9      | Learned a level 4 spell: Leda's Liquefaction
  9651 | D:9      | Noticed Erica
  9743 | Lair:1   | Entered Level 1 of the Lair of Beasts
  9816 | Lair:1   | Noticed Harold
  9834 | Lair:1   | Killed Harold
  9845 | Lair:1   | Noticed a death yak
  9968 | Lair:1   | Killed a death yak
  9969 | Lair:1   | Reached skill level 1 in Hexes
  9969 | Lair:1   | Reached skill level 14 in Earth Magic
 10086 | Lair:1   | Noticed a death yak
 10087 | Lair:1   | Noticed a death yak
 10087 | Lair:1   | Noticed a death yak
 10109 | D:8      | Killed a death yak
 10213 | D:8      | Killed a death yak
 10484 | D:8      | Killed a death yak
 10485 | D:8      | Reached XP level 12. HP: 30/62 MP: 9/28
 10655 | D:9      | Reached * piety under Vehumet
 10655 | D:9      | Offered knowledge of Shock by Vehumet.
 10932 | D:8      | Killed Erica
 11019 | D:9      | Killed a two-headed ogre
 11178 | D:9      | Found a sparkling altar of Nemelex Xobeh.
 11193 | D:9      | Offered knowledge of Foxfire by Vehumet.
 11256 | D:9      | Noticed Erolcha
 11261 | D:9      | Killed Erolcha
 11423 | D:9      | Found an iron altar of Okawaru.
 11462 | D:9      | Reached ** piety under Vehumet
 11920 | D:9      | Found a staircase to the Orcish Mines.
 12113 | D:10     | Entered Level 10 of the Dungeon
 12235 | D:10     | Offered knowledge of Ignite Poison by Vehumet.
 12395 | D:10     | Reached skill level 15 in Earth Magic
 12401 | D:10     | Reached skill level 1 in Staves
 13143 | D:11     | Noticed a two-headed ogre
 13149 | D:11     | Killed a two-headed ogre
 13214 | D:11     | Noticed a two-headed ogre
 13227 | D:10     | Reached *** piety under Vehumet
 13295 | D:10     | Killed a two-headed ogre
 13407 | D:11     | Reached XP level 13. HP: 62/68 MP: 26/30
 13668 | D:11     | Found a hazy altar of Hepliaklqana.
 13984 | D:11     | Reached skill level 16 in Earth Magic
 14045 | D:11     | Offered knowledge of Sticky Flame by Vehumet.
 14312 | D:12     | Found a frozen archway.
 14342 | D:12     | Found Amaruwupte's General Store.
 14346 | D:12     | Bought a scroll of poison for 40 gold pieces
 14350 | D:12     | Noticed Azrael
 14356 | D:12     | Killed Azrael
 14371 | D:12     | Identified the +8 mace of Giavvola {heavy, rF++}
 14451 | IceCv    | Entered an ice cave
 14459 | IceCv    | HP: 3/68 [wolf simulacrum (6)]
 14459 | IceCv    | Mangled by a wolf simulacrum

Illustrated notes

Levels and vault maps discovered:
D:1:      matt_arrival_los_fun, layout_basic, grunt_decor_cap
D:2:      layout_basic, uniq_crazy_yiuf_cottage
D:3:      layout_basic, hangedman_abyss_or_decor_lesser_grid
D:4:      layout_cave_pools, nicolae_ru_sacrificial_ziggurat, slow_altar_2,
          trog_antimagical, temple_pool_b, uniq_pikel
D:5:      layout_loops_ring, tgw_sif, gup_sewer_entry_pipe,
          nicolae_elevator_lobby_asterisk, uniq_blork_the_orc
D:6:      layout_cave_pools, st_stairs_1, grunt_ministairs_4,
          minmay_manual_moon, uniq_sigmund
D:7:      layout_cave_pods
D:8:      layout_gridville, grunt_lair_entry_orc_guard_hut
D:9:      layout_loops_cross, xom_confusion_cloud, mainiacjoe_overflow_catwalk,
          grunt_temple_overflow_open, nemelex_xobeh_ov_fountains_minmay,
          erik_orc_2, minivault_26, onia_ninara_cookie, uniq_erica, uniq_erolcha
D:10:     layout_loops_ring
D:11:     minmay_goldmine, layout_cross, eino_small_chamber_without_monster,
          minivault_4, nicolae_hepliaklqana_monster_ancestors
D:12:     layout_loops_corners, serial_shops, nicolae_shop_rolling_square,
          portal_ice_cave_entry_ice_simulacra, uniq_azrael
Temple:   grunt_temple_mini_profane
Lair:1:   layout_loops_ring, basic_altar, gammafunk_ghost_ooze, uniq_harold
IceCv:    ice_cave_statue_garden_transporter

Skill      XL: |  1  2  3  4  5  6  7  8  9 10 11 12 13 |
---------------+----------------------------------------+-----
Earth Magic    | 4 5 6 7 10 12 13 14 15 16 | 16.5
Dodging        | 2 3 |  3.4
Spellcasting   | 3 4 5 8 12 13 | 13.0
Conjurations   | 1 2 3 5 6 7 |  7.7
Fighting       | 1 2 3 |  3.1
Armour         | 1 3 4 5 7 8 |  8.7
Evocations     | 1 2 4 |  4.4
Transmutations | 2 |  2.0
Hexes          | 1 2 |  2.0
Stealth        | 3 |  3.0
Staves         | 1 |  1.4
Throwing       | |  0.1

Action                     |  1- 3 |  4- 6 |  7- 9 | 10-12 | 13-15 || total
---------------------------+-------+-------+-------+-------+-------++-------
  Melee: Unarmed           |     1 |       |       |       |       ||     1
         Mace              |     5 |       |       |       |     2 ||     7
         Flail             |       |     1 |       |       |       ||     1
         Quarterstaff      |       |     8 |     3 |       |       ||    11
         Staff             |       |       |    14 |    67 |     6 ||    87
         Punch             |       |       |       |     1 |       ||     1
  Throw: Dart              |       |       |     2 |     4 |     3 ||     9
   Cast: Sandblast         |    34 |    84 |   172 |   176 |    14 ||   480
         Stone Arrow       |       |     2 |     4 |    82 |    12 ||   100
         Lee's Rapid Decon |       |       |       |    48 |    13 ||    61
         Leda's Liquefacti |       |       |       |     8 |       ||     8
    Use: Scroll            |       |     1 |    11 |     5 |       ||    17
         Potion            |       |     3 |       |       |       ||     3
 Armour: Robe              |     8 |     2 |       |       |       ||    10
         Leather armour    |       |     9 |       |       |       ||     9
         Scale mail        |       |    12 |   103 |   170 |    24 ||   309
  Dodge: Dodged            |    21 |    37 |    49 |   140 |    10 ||   257
  Block: Other             |       |       |    24 |    10 |       ||    34
         Reflection        |       |       |     1 |       |       ||     1
